 Dungeon Crawl Stone Soup version 0.29.0-7-g18a832c13a (webtiles) character file.

Game seed: 18412305499055619889

73 Leibowitz the Cutter (level 4, -6/29 HPs)
             Began as a Kobold Fighter on Aug 30, 2022.
             Mangled by Terence
             ... wielding a +2 flail of protection
              (11 damage)
             ... on level 3 of the Dungeon.
             The game lasted 00:03:24 (2602 turns).

Leibowitz the Cutter (Kobold Fighter)               Turns: 2602, Time: 00:03:25

Health: -6/29      AC:  3    Str: 13    XL:     4   Next: 51%
Magic:  4/4        EV: 13    Int:  9    God:
Gold:   93         SH:  6    Dex: 16    Spells: 3/3 levels left

rFire   . . .      SeeInvis .   a - +0 rapier
rCold   . . .      Faith    .   c - +0 buckler
rNeg    . . .      Spirit   .   p - +0 leather armour
rPois   .          Reflect  .   (no helmet)
rElec   .          Harm     .   (no cloak)
rCorr   .          Rampage  .   (no gloves)
Will    .....                   (no boots)
Stlth   +++.......              (no amulet)
HPRegen 0.09/turn               (no ring)
MPRegen 0.09/turn               (no ring)

@: mighty
A: small, no large weapons, nightstalker 3
a: no special abilities


You were on level 3 of the Dungeon.
You visited 1 branch of the dungeon, and saw 3 of its levels.

You collected 93 gold pieces.

Inventory:

Hand Weapons
 a - a +0 rapier (weapon)
Armour
 c - a +0 buckler (worn)
 p - a +0 leather armour (worn)
Scrolls
 f - 3 scrolls of amnesia {unknown}
 g - a scroll of noise {unknown}
 i - 2 scrolls of magic mapping {unknown}
 j - 5 scrolls of identify {unknown}
 k - a scroll of fog {unknown}
 m - 2 scrolls of teleportation {unknown}
 o - a scroll of acquirement {unknown}
Potions
 d - a potion of might
 e - a potion of flight {unknown}
 h - 2 potions of curing
 l - a potion of heal wounds {unknown}
 n - a potion of lignification {unknown}


   Skills:
 * Level 3.7 Fighting
 * Level 3.9 Short Blades
 + Level 2.6 Armour
 * Level 1.1 Dodging
 * Level 1.5 Stealth
 * Level 2.8 Shields


You had 3 spell levels left.
You didn't know any spells.
Your spell library contained the following spells:

 Spells                   Type           Power      Damage    Failure   Level
 Portal Projectile        Hex/Tloc       0%         N/A       93%         3
 Tukima's Dance           Hex            0%         N/A       93%         3
 Blade Hands              Tmut           0%         N/A       100%        5


Dungeon Overview and Level Annotations

Branches:
Dungeon (3/15)

Altars:

Annotations:
D:3 Terence


Innate Abilities, Weirdness & Mutations

You are small and have problems with some larger weapons.
You are completely attuned to the shadows.


Message History

Found 3 stones.
An endoplasm comes into view.
You block the endoplasm's attack.
You hit the endoplasm.
You kill the endoplasm!
An adder comes into view.
Found a scale mail.
You see here a +0 scale mail.
An endoplasm comes into view.
An endoplasm is nearby!
The helpless endoplasm fails to defend itself.
You puncture the endoplasm!
You kill the endoplasm!
A rat comes into view.
The helpless rat fails to defend itself.
You puncture the rat!
You kill the rat!
j - 5 scrolls labelled MIRPHO REARRIETOAW (gained 1) Terence the Incautious comes into view.
He is wielding a +2 flail of protection.
Terence shouts!
Unknown command.
Terence hits you with a +2 flail of protection.
You hit Terence but do no damage. Terence barely misses you.
You hit Terence.
Terence is moderately wounded.
Terence hits you with a +2 flail of protection.
Terence hits you with a +2 flail of protection!
You hit Terence but do no damage.
Terence is moderately wounded.
Terence hits you with a +2 flail of protection!
* * * LOW HITPOINT WARNING * * *
It was a potion of curing.
You feel better. You block Terence's attack. Terence attacks as you move away!
You block Terence's attack. Terence attacks as you move away!
Terence hits you with a +2 flail of protection.
* * * LOW HITPOINT WARNING * * *
Terence attacks as you move away! You block Terence's attack.
You feel very mighty all of a sudden.
Terence hits you with a +2 flail of protection!
You die...

.....................##.#.#.##.#.
........................#.#.##...
......................#.#.#######
..............................#
...........................##.#
..........................###.#
..............................#
......................#########
................@.....#
...........(....@....##
.....................#
.....................#
.....................#
.....................#
.....................#
....................#
.................#


You could see Terence.

Vanquished Creatures
  2 adders (D:2)
  5 endoplasms
  3 giant cockroaches (D:1)
  2 goblins
  5 hobgoblins
  5 jackals (D:3)
  6 kobolds
  4 quokkas
  7 ball pythons
  3 bats
  A frilled lizard (D:1)
  4 rats
47 creatures vanquished.

Notes
Turn   | Place    | Note
-------+----------+-------------------------------------------
     0 | D:1      | Leibowitz the Kobold Fighter began the quest for the Orb.
     0 | D:1      | Reached XP level 1. HP: 14/14 MP: 1/1
   144 | D:1      | Found a faded altar of an unknown god.
   321 | D:1      | Reached XP level 2. HP: 19/19 MP: 2/2
   815 | D:1      | Reached XP level 3. HP: 20/23 MP: 3/3
  1528 | D:2      | Reached skill level 1 in Stealth
  1914 | D:2      | Reached skill level 1 in Dodging
  1914 | D:2      | Reached XP level 4. HP: 22/29 MP: 4/4
  2586 | D:3      | Noticed Terence
  2591 | D:3      | HP: 1/29 [Terence/+2 flail of protection (10)]
  2602 | D:3      | Mangled by Terence

Illustrated notes

Levels and vault maps discovered:
D:1:      eino_arrival_water_star, layout_basic,
          hellmonk_ecumenical_altar_inner_sanctum
D:2:      layout_basic, minmay_misc_feat_five
D:3:      layout_basic, ebering_ghost_sewer_f, uniq_terence

Skill      XL: |  1  2  3 |
---------------+----------+-----
Short Blades   | 3 |  3.9
Stealth        | 1 |  1.5
Dodging        | 1 |  1.1
Fighting       | |  3.7
Armour         | |  2.6
Shields        | |  2.8

Action                   |  1- 3 |  4- 6 || total
-------------------------+-------+-------++-------
Melee: Rapier            |   107 |    63 ||   170
  Use: Potion            |       |     2 ||     2
 Stab: Sleeping          |     2 |     3 ||     5
Armor: Scale mail        |    32 |    19 ||    51
Dodge: Dodged            |    43 |    25 ||    68
Block: Buckler           |    45 |    28 ||    73
